 Dungeon Crawl Stone Soup version 0.29-a0-757-g358383bc75 (webtiles) character file.

Game seed: 8385708740536393794

4 coolguy69 the Trooper (level 1, -2/11 HPs)
             Began as a Vine Stalker Monk on July 1, 2022.
             Slain by a hobgoblin (4 damage)
             ... on level 1 of the Dungeon.
             The game lasted 00:00:13 (55 turns).

coolguy69 the Trooper (Vine Stalker Monk)             Turns: 55, Time: 00:00:13

Health: -2/11      AC:  2    Str: 13    XL:     1   Next: 60%
Magic:  0/2        EV: 12    Int: 10    God:
Gold:   0          SH:  0    Dex: 16    Spells: 0/0 levels left

rFire   . . .      SeeInvis .   a - +0 short sword
rCold   . . .      Faith    .   (no shield)
rNeg    . . .      Spirit   +   b - +0 robe
rPois   .          Reflect  .   (no helmet)
rElec   .          Harm     .   (no cloak)
rCorr   .          Rampage  .   (no gloves)
Will    .....                   (no boots)
Stlth   ++........              (no amulet)
HPRegen 0.03/turn               (no ring)
MPRegen 0.08/turn               (no ring)

@: no status effects
A: fangs 2, magic shield, antimagic bite, no potion heal 2
a: no special abilities


You were on level 1 of the Dungeon.
You visited 1 branch of the dungeon, and saw 1 of its levels.

Inventory:

Hand Weapons
 a - a +0 short sword (weapon)
Armour
 b - a +0 robe (worn)
Scrolls
 d - a scroll of silence {unknown}
Potions
 c - a potion of ambrosia


   Skills:
 + Level 2.9 Fighting
 + Level 2.6 Short Blades
 + Level 2.5 Dodging
 + Level 2.4 Stealth


You couldn't memorise any spells.
You didn't know any spells.
Your spell library was empty.

Dungeon Overview and Level Annotations

Branches:
Dungeon (1/15)

Altars:


Innate Abilities, Weirdness & Mutations

You have extremely sharp teeth.
When hurt, damage is shared between your health and your magic reserves.
Your bite disrupts and absorbs the magic of your enemies.
Potions cannot restore your health.


Message History

The hobgoblin misses you. The rat misses you.
You barely miss the hobgoblin.
The hobgoblin is almost dead.
The hobgoblin hits you. The frilled lizard barely misses you.
The rat closely misses you.
You hit the hobgoblin but do no damage.
The hobgoblin is almost dead.
The frilled lizard barely misses you. The hobgoblin hits you.
The rat completely misses you.
You are too injured to fight recklessly!
You are too injured to fight recklessly!
You are too injured to fight recklessly!
You are too injured to fight recklessly!
You hit the hobgoblin.
You kill the hobgoblin!
The rat closely misses you. The frilled lizard barely misses you.
The hobgoblin attacks as you move away! The hobgoblin barely misses you.
You see here a +0 spear.
You hit the rat.
You kill the rat!
The frilled lizard closely misses you. The hobgoblin misses you.
You hit the frilled lizard.
You kill the frilled lizard!
The hobgoblin hits you.
A hobgoblin comes into view.
The hobgoblin completely misses you.
You see here a frilled lizard corpse.
Found a scroll labelled QECVEA BIPHA.
The hobgoblin hits you.
* * * LOW HITPOINT WARNING * * *
You completely miss the hobgoblin.
The hobgoblin shouts!
You bite the hobgoblin. You drain its power.
The hobgoblin is heavily wounded.
The hobgoblin hits you.
* * * LOW HITPOINT WARNING * * *
You hit the hobgoblin.
You kill the hobgoblin!
The hobgoblin hits you.
Found 14 gold pieces.
The hobgoblin hits you.
You die...

#.##..≈≈..8..
#.##.≈≈.♣....
###.##.≈.....♣.
#.#######...##.≈......)
#...........##.≈≈..8.<.
.###.!.##..##..≈≈.....
#$##.)##..# #..≈≈...♣
#?##.†#..# ##..≈≈≈≈≈
#.@..#..# ##......
#..g##..# #######
......###..# ..##..##
...# ###


You could see a hobgoblin.

Vanquished Creatures
  2 hobgoblins (D:1)
  A frilled lizard (D:1)
  A rat (D:1)
4 creatures vanquished.

Notes
Turn   | Place    | Note
-------+----------+-------------------------------------------
     0 | D:1      | coolguy69 the Vine Stalker Monk began the quest for the
                  | Orb.
     0 | D:1      | Reached XP level 1. HP: 11/11 MP: 2/2
    55 | D:1      | Slain by a hobgoblin

Illustrated notes

Levels and vault maps discovered:
D:1:      moated_graveyard_arrival, layout_basic, serial_forest,
          infiniplex_forest_straight_1, infiniplex_forest_clump_long,
          infiniplex_forest_straight_3, infiniplex_forest_lined_1,
          infiniplex_forest_pool, minmay_cupped

Action                   || total
-------------------------++-------
Melee: Short sword       ||    10
       Bite              ||     2
Dodge: Dodged            ||    16

Table legend: (Time is in decaauts)
 A = Elapsed time spent in this place.
 B = Non-inter-level travel time spent in this place.
 C = Inter-level travel time spent in this place.
 D = Time resting spent in this place.
 E = Time spent auto-exploring this place.
 F = Levels seen in this place.
 G = Mean time per level.
                   A        B        C        D        E       F      G
               +--------+--------+--------+--------+--------+-----+--------+
         Total |     54 |     54 |      0 |      0 |     35 |   1 |   54.0 |
       Dungeon |     54 |     54 |      0 |      0 |     35 |   1 |   54.0 |
               +--------+--------+--------+--------+--------+-----+--------+

Top non-repeatable levels by time:
     D:1: 54 daAuts
